Workbook

Sheet Orçamento
B2: Orçamento Mensal · Meta x Realizado
B3: Defina quanto pode gastar em cada categoria e acompanhe o que já foi gasto. Os gastos vêm da aba Gastos do mês.
B4: Mês do orçamento: | C4: 46296 | E4: Renda do mês: | F4: 4200 | G4: ← preencha os campos amarelos
B6: RENDA DO MÊS | D6: TOTAL PLANEJADO | F6: JÁ GASTEI | H6: AINDA POSSO GASTAR | J6: SOBRA DA RENDA NO FIM DO MÊS
B7: =F4 -> 4200 | D7: =C27 -> 3810 | F7: =D27 -> 3236.85 | H7: =C27-D27 -> 573.15 | J7: =F4-MAX(C27,D27) -> 390
B10: Meu orçamento por categoria | J10: Referência: regra 50-30-20
B11: Categoria | C11: Planejado | D11: Gasto | E11: Diferença | F11: % usado | G11: Andamento | H11: Situação | J11: Destino | K11: % da renda | L11: Valor
B12: Moradia | C12: 1300 | D12: =IF(B12="","",SUMIFS('Gastos do mês'!$F$6:$F$305,'Gastos do mês'!$D$6:$D$305,B12,'Gastos do mês'!$B$6:$B$305,">="&$C$4,'Gastos do mês'!$B$6:$B$305,"<"&DATE(YEAR($C$4),MONTH($C$4)+1,1))) -> 1300 | E12: =IF(B12="","",N(C12)-D12) -> 0 | F12: =IF(OR(B12="",N(C12)=0),"",D12/C12) -> 1 | G12: =IF(F12="","",REPT("█",ROUND(MIN(1,MAX(0,F12))*14,0))&REPT("░",14-ROUND(MIN(1,MAX(0,F12))*14,0))) -> ██████████████ | H12: =IF(B12="","",IF(N(C12)=0,IF(D12>0,"Sem limite","-"),IF(D12>C12,"Estourou",IF(D12>=0.8*C12,"Atenção","Dentro")))) -> Atenção | J12: Necessidades | K12: 0.5 | L12: =$F$4*K12 -> 2100
B13: Alimentação | C13: 800 | D13: =IF(B13="","",SUMIFS('Gastos do mês'!$F$6:$F$305,'Gastos do mês'!$D$6:$D$305,B13,'Gastos do mês'!$B$6:$B$305,">="&$C$4,'Gastos do mês'!$B$6:$B$305,"<"&DATE(YEAR($C$4),MONTH($C$4)+1,1))) -> 687.65 | E13: =IF(B13="","",N(C13)-D13) -> 112.35 | F13: =IF(OR(B13="",N(C13)=0),"",D13/C13) -> 0.8595625 | G13: =IF(F13="","",REPT("█",ROUND(MIN(1,MAX(0,F13))*14,0))&REPT("░",14-ROUND(MIN(1,MAX(0,F13))*14,0))) -> ████████████░░ | H13: =IF(B13="","",IF(N(C13)=0,IF(D13>0,"Sem limite","-"),IF(D13>C13,"Estourou",IF(D13>=0.8*C13,"Atenção","Dentro")))) -> Atenção | J13: Desejos | K13: 0.3 | L13: =$F$4*K13 -> 1260
B14: Transporte | C14: 350 | D14: =IF(B14="","",SUMIFS('Gastos do mês'!$F$6:$F$305,'Gastos do mês'!$D$6:$D$305,B14,'Gastos do mês'!$B$6:$B$305,">="&$C$4,'Gastos do mês'!$B$6:$B$305,"<"&DATE(YEAR($C$4),MONTH($C$4)+1,1))) -> 237.9 | E14: =IF(B14="","",N(C14)-D14) -> 112.1 | F14: =IF(OR(B14="",N(C14)=0),"",D14/C14) -> 0.67971429 | G14: =IF(F14="","",REPT("█",ROUND(MIN(1,MAX(0,F14))*14,0))&REPT("░",14-ROUND(MIN(1,MAX(0,F14))*14,0))) -> ██████████░░░░ | H14: =IF(B14="","",IF(N(C14)=0,IF(D14>0,"Sem limite","-"),IF(D14>C14,"Estourou",IF(D14>=0.8*C14,"Atenção","Dentro")))) -> Dentro | J14: Guardar/investir | K14: 0.2 | L14: =$F$4*K14 -> 840
B15: Contas da casa | C15: 250 | D15: =IF(B15="","",SUMIFS('Gastos do mês'!$F$6:$F$305,'Gastos do mês'!$D$6:$D$305,B15,'Gastos do mês'!$B$6:$B$305,">="&$C$4,'Gastos do mês'!$B$6:$B$305,"<"&DATE(YEAR($C$4),MONTH($C$4)+1,1))) -> 248.1 | E15: =IF(B15="","",N(C15)-D15) -> 1.9 | F15: =IF(OR(B15="",N(C15)=0),"",D15/C15) -> 0.9924 | G15: =IF(F15="","",REPT("█",ROUND(MIN(1,MAX(0,F15))*14,0))&REPT("░",14-ROUND(MIN(1,MAX(0,F15))*14,0))) -> ██████████████ | H15: =IF(B15="","",IF(N(C15)=0,IF(D15>0,"Sem limite","-"),IF(D15>C15,"Estourou",IF(D15>=0.8*C15,"Atenção","Dentro")))) -> Atenção | J15: Necessidades: moradia, mercado, contas, transporte e saúde. Desejos: lazer, compras e assinaturas. Use como ponto de partida e ajuste à sua realidade.
B16: Saúde | C16: 150 | D16: =IF(B16="","",SUMIFS('Gastos do mês'!$F$6:$F$305,'Gastos do mês'!$D$6:$D$305,B16,'Gastos do mês'!$B$6:$B$305,">="&$C$4,'Gastos do mês'!$B$6:$B$305,"<"&DATE(YEAR($C$4),MONTH($C$4)+1,1))) -> 63.4 | E16: =IF(B16="","",N(C16)-D16) -> 86.6 | F16: =IF(OR(B16="",N(C16)=0),"",D16/C16) -> 0.42266667 | G16: =IF(F16="","",REPT("█",ROUND(MIN(1,MAX(0,F16))*14,0))&REPT("░",14-ROUND(MIN(1,MAX(0,F16))*14,0))) -> ██████░░░░░░░░ | H16: =IF(B16="","",IF(N(C16)=0,IF(D16>0,"Sem limite","-"),IF(D16>C16,"Estourou",IF(D16>=0.8*C16,"Atenção","Dentro")))) -> Dentro
B17: Educação | C17: 200 | D17: =IF(B17="","",SUMIFS('Gastos do mês'!$F$6:$F$305,'Gastos do mês'!$D$6:$D$305,B17,'Gastos do mês'!$B$6:$B$305,">="&$C$4,'Gastos do mês'!$B$6:$B$305,"<"&DATE(YEAR($C$4),MONTH($C$4)+1,1))) -> 97 | E17: =IF(B17="","",N(C17)-D17) -> 103 | F17: =IF(OR(B17="",N(C17)=0),"",D17/C17) -> 0.485 | G17: =IF(F17="","",REPT("█",ROUND(MIN(1,MAX(0,F17))*14,0))&REPT("░",14-ROUND(MIN(1,MAX(0,F17))*14,0))) -> ███████░░░░░░░ | H17: =IF(B17="","",IF(N(C17)=0,IF(D17>0,"Sem limite","-"),IF(D17>C17,"Estourou",IF(D17>=0.8*C17,"Atenção","Dentro")))) -> Dentro
B18: Lazer | C18: 250 | D18: =IF(B18="","",SUMIFS('Gastos do mês'!$F$6:$F$305,'Gastos do mês'!$D$6:$D$305,B18,'Gastos do mês'!$B$6:$B$305,">="&$C$4,'Gastos do mês'!$B$6:$B$305,"<"&DATE(YEAR($C$4),MONTH($C$4)+1,1))) -> 242 | E18: =IF(B18="","",N(C18)-D18) -> 8 | F18: =IF(OR(B18="",N(C18)=0),"",D18/C18) -> 0.968 | G18: =IF(F18="","",REPT("█",ROUND(MIN(1,MAX(0,F18))*14,0))&REPT("░",14-ROUND(MIN(1,MAX(0,F18))*14,0))) -> ██████████████ | H18: =IF(B18="","",IF(N(C18)=0,IF(D18>0,"Sem limite","-"),IF(D18>C18,"Estourou",IF(D18>=0.8*C18,"Atenção","Dentro")))) -> Atenção
B19: Compras | C19: 200 | D19: =IF(B19="","",SUMIFS('Gastos do mês'!$F$6:$F$305,'Gastos do mês'!$D$6:$D$305,B19,'Gastos do mês'!$B$6:$B$305,">="&$C$4,'Gastos do mês'!$B$6:$B$305,"<"&DATE(YEAR($C$4),MONTH($C$4)+1,1))) -> 259.9 | E19: =IF(B19="","",N(C19)-D19) -> -59.9 | F19: =IF(OR(B19="",N(C19)=0),"",D19/C19) -> 1.2995 | G19: =IF(F19="","",REPT("█",ROUND(MIN(1,MAX(0,F19))*14,0))&REPT("░",14-ROUND(MIN(1,MAX(0,F19))*14,0))) -> ██████████████ | H19: =IF(B19="","",IF(N(C19)=0,IF(D19>0,"Sem limite","-"),IF(D19>C19,"Estourou",IF(D19>=0.8*C19,"Atenção","Dentro")))) -> Estourou
B20: Assinaturas | C20: 90 | D20: =IF(B20="","",SUMIFS('Gastos do mês'!$F$6:$F$305,'Gastos do mês'!$D$6:$D$305,B20,'Gastos do mês'!$B$6:$B$305,">="&$C$4,'Gastos do mês'!$B$6:$B$305,"<"&DATE(YEAR($C$4),MONTH($C$4)+1,1))) -> 55.9 | E20: =IF(B20="","",N(C20)-D20) -> 34.1 | F20: =IF(OR(B20="",N(C20)=0),"",D20/C20) -> 0.62111111 | G20: =IF(F20="","",REPT("█",ROUND(MIN(1,MAX(0,F20))*14,0))&REPT("░",14-ROUND(MIN(1,MAX(0,F20))*14,0))) -> █████████░░░░░ | H20: =IF(B20="","",IF(N(C20)=0,IF(D20>0,"Sem limite","-"),IF(D20>C20,"Estourou",IF(D20>=0.8*C20,"Atenção","Dentro")))) -> Dentro
B21: Cuidados pessoais | C21: 120 | D21: =IF(B21="","",SUMIFS('Gastos do mês'!$F$6:$F$305,'Gastos do mês'!$D$6:$D$305,B21,'Gastos do mês'!$B$6:$B$305,">="&$C$4,'Gastos do mês'!$B$6:$B$305,"<"&DATE(YEAR($C$4),MONTH($C$4)+1,1))) -> 45 | E21: =IF(B21="","",N(C21)-D21) -> 75 | F21: =IF(OR(B21="",N(C21)=0),"",D21/C21) -> 0.375 | G21: =IF(F21="","",REPT("█",ROUND(MIN(1,MAX(0,F21))*14,0))&REPT("░",14-ROUND(MIN(1,MAX(0,F21))*14,0))) -> █████░░░░░░░░░ | H21: =IF(B21="","",IF(N(C21)=0,IF(D21>0,"Sem limite","-"),IF(D21>C21,"Estourou",IF(D21>=0.8*C21,"Atenção","Dentro")))) -> Dentro
B22: Pets | D22: =IF(B22="","",SUMIFS('Gastos do mês'!$F$6:$F$305,'Gastos do mês'!$D$6:$D$305,B22,'Gastos do mês'!$B$6:$B$305,">="&$C$4,'Gastos do mês'!$B$6:$B$305,"<"&DATE(YEAR($C$4),MONTH($C$4)+1,1))) -> 0 | E22: =IF(B22="","",N(C22)-D22) -> 0 | F22: =IF(OR(B22="",N(C22)=0),"",D22/C22) | G22: =IF(F22="","",REPT("█",ROUND(MIN(1,MAX(0,F22))*14,0))&REPT("░",14-ROUND(MIN(1,MAX(0,F22))*14,0))) | H22: =IF(B22="","",IF(N(C22)=0,IF(D22>0,"Sem limite","-"),IF(D22>C22,"Estourou",IF(D22>=0.8*C22,"Atenção","Dentro")))) -> -
B23: Presentes | D23: =IF(B23="","",SUMIFS('Gastos do mês'!$F$6:$F$305,'Gastos do mês'!$D$6:$D$305,B23,'Gastos do mês'!$B$6:$B$305,">="&$C$4,'Gastos do mês'!$B$6:$B$305,"<"&DATE(YEAR($C$4),MONTH($C$4)+1,1))) -> 0 | E23: =IF(B23="","",N(C23)-D23) -> 0 | F23: =IF(OR(B23="",N(C23)=0),"",D23/C23) | G23: =IF(F23="","",REPT("█",ROUND(MIN(1,MAX(0,F23))*14,0))&REPT("░",14-ROUND(MIN(1,MAX(0,F23))*14,0))) | H23: =IF(B23="","",IF(N(C23)=0,IF(D23>0,"Sem limite","-"),IF(D23>C23,"Estourou",IF(D23>=0.8*C23,"Atenção","Dentro")))) -> -
B24: Outros | C24: 100 | D24: =IF(B24="","",SUMIFS('Gastos do mês'!$F$6:$F$305,'Gastos do mês'!$D$6:$D$305,B24,'Gastos do mês'!$B$6:$B$305,">="&$C$4,'Gastos do mês'!$B$6:$B$305,"<"&DATE(YEAR($C$4),MONTH($C$4)+1,1))) -> 0 | E24: =IF(B24="","",N(C24)-D24) -> 100 | F24: =IF(OR(B24="",N(C24)=0),"",D24/C24) -> 0 | G24: =IF(F24="","",REPT("█",ROUND(MIN(1,MAX(0,F24))*14,0))&REPT("░",14-ROUND(MIN(1,MAX(0,F24))*14,0))) -> ░░░░░░░░░░░░░░ | H24: =IF(B24="","",IF(N(C24)=0,IF(D24>0,"Sem limite","-"),IF(D24>C24,"Estourou",IF(D24>=0.8*C24,"Atenção","Dentro")))) -> Dentro
D25: =IF(B25="","",SUMIFS('Gastos do mês'!$F$6:$F$305,'Gastos do mês'!$D$6:$D$305,B25,'Gastos do mês'!$B$6:$B$305,">="&$C$4,'Gastos do mês'!$B$6:$B$305,"<"&DATE(YEAR($C$4),MONTH($C$4)+1,1))) | E25: =IF(B25="","",N(C25)-D25) | F25: =IF(OR(B25="",N(C25)=0),"",D25/C25) | G25: =IF(F25="","",REPT("█",ROUND(MIN(1,MAX(0,F25))*14,0))&REPT("░",14-ROUND(MIN(1,MAX(0,F25))*14,0))) | H25: =IF(B25="","",IF(N(C25)=0,IF(D25>0,"Sem limite","-"),IF(D25>C25,"Estourou",IF(D25>=0.8*C25,"Atenção","Dentro"))))
D26: =IF(B26="","",SUMIFS('Gastos do mês'!$F$6:$F$305,'Gastos do mês'!$D$6:$D$305,B26,'Gastos do mês'!$B$6:$B$305,">="&$C$4,'Gastos do mês'!$B$6:$B$305,"<"&DATE(YEAR($C$4),MONTH($C$4)+1,1))) | E26: =IF(B26="","",N(C26)-D26) | F26: =IF(OR(B26="",N(C26)=0),"",D26/C26) | G26: =IF(F26="","",REPT("█",ROUND(MIN(1,MAX(0,F26))*14,0))&REPT("░",14-ROUND(MIN(1,MAX(0,F26))*14,0))) | H26: =IF(B26="","",IF(N(C26)=0,IF(D26>0,"Sem limite","-"),IF(D26>C26,"Estourou",IF(D26>=0.8*C26,"Atenção","Dentro"))))
B27: TOTAL | C27: =SUM(C12:C26) -> 3810 | D27: =SUM(D12:D26) -> 3236.85 | E27: =SUM(E12:E26) -> 573.15 | F27: =IF(C27=0,"",D27/C27) -> 0.84956693 | G27: =IF(F27="","",REPT("█",ROUND(MIN(1,MAX(0,F27))*14,0))&REPT("░",14-ROUND(MIN(1,MAX(0,F27))*14,0))) -> ████████████░░
B29: Modelo gratuito do DocFree · docfree.com.br

Sheet Gastos do mês
B2: Gastos do mês
B3: Anote cada gasto. Só entram no orçamento os gastos do mês escolhido na aba Orçamento.
B5: Data | C5: Descrição | D5: Categoria | E5: Forma de pagamento | F5: Valor | G5: Observação
B6: 46296 | C6: Aluguel | D6: Moradia | E6: PIX | F6: 1300
B7: 46298 | C7: Mercado | D7: Alimentação | E7: Débito | F7: 412.35
B8: 46299 | C8: Padaria | D8: Alimentação | E8: Dinheiro | F8: 38.5
B9: 46300 | C9: Uber | D9: Transporte | E9: Crédito | F9: 27.9
B10: 46301 | C10: Conta de luz | D10: Contas da casa | E10: Boleto | F10: 148.2
B11: 46302 | C11: Internet | D11: Contas da casa | E11: Boleto | F11: 99.9
B12: 46303 | C12: Combustível | D12: Transporte | E12: Crédito | F12: 210
B13: 46305 | C13: Streaming | D13: Assinaturas | E13: Crédito | F13: 55.9
B14: 46306 | C14: Cinema | D14: Lazer | E14: Crédito | F14: 74
B15: 46307 | C15: Farmácia | D15: Saúde | E15: Débito | F15: 63.4
B16: 46308 | C16: Tênis | D16: Compras | E16: Crédito | F16: 259.9
B17: 46309 | C17: Mercado | D17: Alimentação | E17: Débito | F17: 236.8
... B20: 46312 | C20: Restaurante | D20: Lazer | E20: Crédito | F20: 168

Sheet Como usar
B2: Como usar esta planilha
B3: Orçamento Mensal · Meta x Realizado
B5: Passo a passo
B6: 1 | C6: Na aba Orçamento, escolha o mês (célula amarela) e informe sua renda do mês.
B7: 2 | C7: Na coluna Planejado, defina quanto pode gastar em cada categoria. Pode renomear as categorias.
B8: 3 | C8: Na aba Gastos do mês, anote cada gasto com data, categoria e valor.
B9: 4 | C9: Volte ao Orçamento: o gasto, a diferença e a situação de cada categoria aparecem sozinhos.
B10: 5 | C10: No mês seguinte, duplique o arquivo ou só troque o mês e continue anotando na mesma lista.
B12: Legenda de cores
C13: Células brancas: é aqui que você digita.
C14: Células cinza: calculam sozinhas. Não precisa mexer.
B16: Dicas
B17: • | C17: Situação: verde = dentro do planejado, amarelo = já usou 80% ou mais, vermelho = passou do limite.
B18: • | C18: A regra 50-30-20 é só uma referência para começar. O importante é o planejado caber na renda.
B19: • | C19: As linhas de exemplo podem ser apagadas.
B20: • | C20: Funciona no Excel, no Google Planilhas e no LibreOffice.
C22: Modelo gratuito do DocFree · docfree.com.br · planilhas e modelos sem cadastro
